 Dungeon Crawl Stone Soup version 0.26.0-45-g9c1d065592 (webtiles) character file.

Game seed: 3745708238875016496

350 swilekon the Cudgeller (level 6, -2/43 HPs)
             Began as an Octopode Fighter on Feb 1, 2021.
             Slain by an ice beast (13 damage)
             ... on level 4 of the Dungeon.
             The game lasted 00:04:58 (3884 turns).

swilekon the Cudgeller (Octopode Fighter)           Turns: 3884, Time: 00:04:59

Health: -2/43      AC:  1    Str: 17    XL:     6   Next: 60%
Magic:  6/6        EV: 12    Int: 11    God:
Gold:   150        SH:  9    Dex: 11    Spells: 5/5 levels left

rFire    . . .     SeeInvis .   a - +0 flail
rCold    . . .     Faith    .   b - +0 kite shield
rNeg     . . .     Spirit   .   (helmet restricted)
rPois    .         Reflect  .   (no amulet)
rElec    .         Harm     .   (no ring)
rCorr    .         Rampage  .   (no ring)
Will     .....                  (no ring)
Stlth    ++........             (no ring)
HPRegen  0.14/turn              (no ring)
MPRegen  0.10/turn              (no ring)
                                (no ring)
                                (no ring)

@: no status effects
A: almost no armour, stealthy swim, amphibious, 8 rings, constrict 8, camouflage
1, gelatinous body 1
a: no special abilities


You were on level 4 of the Dungeon.
You visited 1 branch of the dungeon, and saw 4 of its levels.

You collected 150 gold pieces.

Inventory:

Hand Weapons
 a - a +0 flail (weapon)
Armour
 b - a +0 kite shield (worn)
Wands
 j - a wand of digging (4)
Scrolls
 d - a scroll of noise {unknown}
 h - 3 scrolls of identify {unknown}
 l - a scroll of teleportation {unknown}
 m - a scroll of amnesia {unknown}
 o - 2 scrolls of remove curse {unknown}
 p - a scroll of enchant armour {unknown}
Potions
 c - a potion of might
 e - 2 potions of heal wounds {unknown}
 f - a potion of flight {unknown}
 g - 2 potions of degeneration {unknown}
 i - 2 potions of curing
 k - a potion of haste {unknown}
 n - a potion of brilliance {unknown}
 q - a potion of ambrosia {unknown}
 r - a potion of mutation {unknown}


   Skills:
 + Level 4.1 Fighting
 * Level 4.4 Maces & Flails
 + Level 4.1 Dodging
 + Level 4.2 Shields


You had 5 spell levels left.
You didn't know any spells.
Your spell library was empty.

Dungeon Overview and Level Annotations

Branches:
Dungeon (4/15)
 Temple: D:4-7

Altars:
Elyvilon
Fedhas
Yredelemnul

Annotations:
D:3 1 runed translucent door, jlumianski's ghost, weakling PaFi
D:4 Pikel


Innate Abilities, Weirdness & Mutations

You cannot wear most types of armour.
You are very stealthy in the water. (Stealth+)
You are amphibious.
You can wear up to eight rings at the same time.
You can use your tentacles to constrict eight enemies at once.
Your skin changes colour to match your surroundings (Stealth+).
Your rubbery body absorbs attacks. (AC +1, EV +1)


Message History

You barely miss the ice beast.
The ice beast is heavily wounded.
You block the ice beast's attack.
You hit the ice beast but do no damage.
The ice beast is heavily wounded.
You block the ice beast's attack.
You hit the ice beast.
The ice beast is heavily wounded.
The ice beast hits you. The ice beast freezes you! The ice beast hits you.
The ice beast freezes you!
You are too injured to fight recklessly!
You hit the ice beast. Your squeeze misses the ice beast.
The ice beast is severely wounded.
The ice beast closely misses you.
You barely miss the ice beast.
The ice beast is severely wounded.
The ice beast hits you.
* * * LOW HITPOINT WARNING * * *
The ice beast freezes you!
You die...

####### ########
#### ......#
#......# ...
#####.###.####.##Y#
#####.#.........@.#
..<.......####.##.#
#####.#.### #.# ...
#..#.# #.# ##.#
....<.# #)# .#
.##.#### #.# # # #.
#.# #. ... #. #.#


You could see an ice beast.

Vanquished Creatures
  Menkaure (D:4)
  A lemure (D:4)
  An orc priest (D:3)
  A bullfrog skeleton (D:4)
  A worker ant (D:4)
  5 adders
  3 oozes
  2 worms
  3 dart slugs
  3 leopard geckos (D:3)
  6 orcs
  6 bats
  7 giant cockroaches
  2 goblins (D:3)
  3 hobgoblins (D:1)
  9 jackals
  3 quokkas
  3 frilled lizards
  A jackal skeleton (D:3)
  10 kobolds
  A leopard gecko skeleton (D:3)
  6 rats
78 creatures vanquished.

Notes
Turn   | Place    | Note
-------+----------+-------------------------------------------
     0 | D:1      | swilekon the Octopode Fighter began the quest for the Orb.
     0 | D:1      | Reached XP level 1. HP: 16/16 MP: 1/1
   313 | D:1      | Reached XP level 2. HP: 20/21 MP: 2/2
   673 | D:2      | Reached XP level 3. HP: 25/26 MP: 3/3
  1017 | D:2      | Found a faded altar of an unknown god.
  1017 | D:2      | Found a blossoming altar of Fedhas.
  1022 | D:2      | Found a white marble altar of Elyvilon.
  1024 | D:2      | Found a basalt altar of Yredelemnul.
  1026 | D:2      | Found a faded altar of an unknown god.
  1437 | D:3      | Reached XP level 4. HP: 31/31 MP: 4/4
  2163 | D:3      | Found a runed translucent door.
  2165 | D:3      | Noticed jlumianski's ghost (weakling PaFi)
  2384 | D:3      | Reached XP level 5. HP: 14/36 MP: 5/5
  3302 | D:4      | Noticed Menkaure
  3308 | D:4      | Killed Menkaure
  3309 | D:4      | Reached XP level 6. HP: 35/43 MP: 6/6
  3737 | D:4      | Noticed Pikel
  3876 | D:4      | Noticed an ice beast
  3884 | D:4      | Slain by an ice beast

Illustrated notes

Levels and vault maps discovered:
D:1:      saegor_arrival_miasma, layout_basic, minmay_unequal
D:2:      layout_loops_ring, chequers_temple_overflow_minitemple
D:3:      minmay_skewed_foursquare, layout_basic, gammafunk_ghost_grave,
          grunt_decor_clamped
D:4:      layout_loops_ring, uniq_menkaure, uniq_edmund, uniq_pikel

Skill      XL: |  1  2  3  4  5 |
---------------+----------------+-----
Maces & Flails | 3 4 |  4.4
Fighting       | 4 |  4.1
Dodging        | 4 |  4.1
Shields        | 4 |  4.2

Action                   |  1- 3 |  4- 6 || total
-------------------------+-------+-------++-------
Melee: Flail             |    61 |   108 ||   169
       Constrict         |    14 |    28 ||    42
       Tentacles         |    10 |    14 ||    24
  Use: Potion            |       |     1 ||     1
 Stab: Sleeping          |    10 |     1 ||    11
Armor: Skin              |     7 |     7 ||    14
Dodge: Dodged            |    17 |    60 ||    77
Block: Kite shield       |    20 |    53 ||    73
